Map: Ever Dream LE

Players

Trap

  • Race: Protoss Protoss
  • Spawn Location: 1:00

Serral - Winner!

  • Race: Zerg Zerg
  • Spawn Location: 7:00

Event: War Chest Team League

VOD

Have the link to the VOD?

Description

Time

  • Played on: July 24, 2020, 8:47 a.m.
  • Length: 20:01
Show
View Real Time Build Order
Export as new Build Order

Trap Protoss 

Build Orders: 1 Gate Expand, Oracle Opening, Archon Immortal 

Get SALT Encoding   

  12  0:00  Probe  
  13  0:13  Pylon, Probe  
  14  0:21  Probe  
  15  0:31  Probe  
  16  0:39  Gateway  
  16  0:43  Probe  
  16  0:48  Assimilator  
  17  0:55  Probe  
  18  1:07  Probe  
  19  1:19  Probe  
  20  1:25  Nexus  
  20  1:35  Cybernetics Core  
  20  1:37  Probe  
  21  1:43  Assimilator  
  21  1:49  Probe  
  21  1:53  Pylon  
  22  2:01  Adept, Probe  
  23  2:13  Probe  
  26  2:22  Adept  
  26  2:23  Stargate  
  26  2:25  Probe  
  26  2:26  Warp Gate  
  27  2:34  Probe  
  29  2:38  Probe  
  29  2:42  Probe  
  32  2:51  Stalker  
  32  2:56  Probe x2  
  36  2:59  Oracle  
  36  3:08  Gateway  
  36  3:10  Probe  
  36  3:12  Probe  
  41  3:17  Pylon  
  41  3:24  Probe x2  
  43  3:28  Oracle  
  39  3:36  Probe x2  
  44  3:44  Pylon  
  44  3:46  Assimilator  
  44  3:48  Probe  
  45  3:49  Assimilator, Probe  
  46  4:00  Probe  
  46  4:01  Probe  
  48  4:08  Nexus  
  48  4:10  Pylon  
  48  4:14  Probe x2  
  50  4:17  Adept  
  50  4:21  Adept  
  54  4:28  Probe  
  54  4:29  Robotics Facility, Probe  
  56  4:32  Shield Battery  
  56  4:42  Forge  
  56  4:43  Twilight Council  
  56  4:47  Probe x2  
  56  4:49  Sentry x2  
  62  4:53  Pylon  
  62  5:01  Oracle  
  62  5:03  Gateway x2  
  62  5:05  Probe  
  62  5:06  Probe  
  64  5:13  Immortal  
  67  5:16  Sentry  
  67  5:21  Shield Battery  
  69  5:27  Oracle, Zealot  
  74  5:31  Shield Battery  
  74  5:40  Shield Battery  
  77  5:43  Shield Battery  
  77  5:46  Zealot  
  77  5:47  Zealot  
  81  5:51  Immortal  
  81  5:55  Oracle  
  88  6:12  Stalker x2  
  92  6:22  Oracle  
  92  6:24  Zealot x2  
  77  6:40  Zealot x2  
  77  6:41  Immortal  
  67  6:47  Stalker x2  
  67  6:55  Shield Battery  
  67  6:59  Oracle  
  70  7:01  Pylon  
  70  7:06  Charge  
  70  7:11  Adept x2  
  70  7:12  Protoss Ground Weapons Level 1, Zealot x2  
  78  7:27  Pylon  
  78  7:28  Pylon  
  78  7:30  Pylon  
  78  7:34  Pylon  
  78  7:41  Shield Battery  
  78  7:46  Oracle, Pylon  
  78  7:48  Immortal, Pylon  
  79  8:10  Sentry, Zealot x2  
  82  8:13  Templar Archives  
  82  8:16  Gateway  
  82  8:17  Gateway  
  82  8:20  Gateway  
  82  8:21  Warp Prism  
  82  8:31  Pylon  
  82  8:32  Gateway  
  84  8:38  Zealot x2  
  88  8:43  Pylon  
  88  9:05  Pylon  
  88  9:09  High Templar  
  90  9:10  High Templar x3, Zealot  
  90  9:14  Archon  
  90  9:15  Archon  
  90  9:16  Zealot x2  
  102  9:21  Pylon  
  102  9:23  Pylon  
  102  9:30  Adept  
  103  9:36  Zealot x2  
  103  9:37  Zealot  
  109  9:43  Zealot  
  109  9:44  Zealot x2  
  112  9:59  Sentry x2  
  114  10:00  Sentry  
  114  10:03  Zealot  
  114  10:16  Sentry x2  
  114  10:17  Zealot  
  114  10:29  Immortal  
  114  10:31  Stalker x2  
  118  11:01  Robotics Bay  
  118  11:03  Nexus  
  118  11:04  Pylon  
  118  11:05  Gateway  
  118  11:12  Observer  
  119  11:22  Immortal, Nexus  
  119  11:28  Pylon  
  123  11:44  Probe x2  
  123  11:45  Pylon  
  123  11:46  Pylon  
  125  11:49  Disruptor  
  125  11:56  Probe x2  
  125  11:58  Shield Battery  
  130  12:08  Probe  
  130  12:09  Probe  
  130  12:13  Shield Battery, Disruptor  
  132  12:41  Disruptor  
  132  12:43  Probe  
  130  12:47  Assimilator  
  130  12:48  Assimilator  
  130  12:49  Pylon  
  133  12:55  Probe, High Templar x4, Zealot  
  133  12:56  Zealot  
  146  13:00  Stalker  
  146  13:02  Archon  
  146  13:03  Archon  
  146  13:05  Protoss Ground Weapons Level 2  
  148  13:13  Disruptor  
  148  13:16  Zealot x2  
  148  13:19  Pylon  
  153  13:32  Zealot  
  155  13:38  Stalker x2  
  159  13:42  Photon Cannon  
  159  13:53  Zealot x5  
  148  14:18  Probe  
  148  14:19  Probe x2  
  148  14:21  High Templar x4, Zealot  
  148  14:22  Zealot x2  
  163  14:25  Archon  
  163  14:26  Archon  
  163  14:31  Probe x2  
  146  14:40  Disruptor  
  91  14:53  Probe x3  
  90  15:00  Blink, High Templar x2, Zealot  
  90  15:01  Zealot x4  
  90  15:05  Probe  
  105  15:07  Archon  
  105  15:12  Disruptor  
  108  15:23  Assimilator  
  108  15:24  Assimilator  
  108  15:33  High Templar x2, Zealot  
  108  15:34  Zealot x4  
  119  15:38  Disruptor, Archon  
  113  16:02  Zealot x5  
  113  16:04  Disruptor  
  109  16:26  High Templar x2  
  109  16:27  Zealot x5  
  109  16:28  Disruptor  
  109  16:30  Archon  
  126  16:49  Colossus  
  130  17:14  High Templar  
  130  17:15  High Templar, Zealot x5  
  134  17:19  Nexus  
  140  17:23  Archon  
  140  17:32  Colossus  
  146  17:49  Stalker x7  
  99  18:19  High Templar x2, Zealot  
  99  18:20  Zealot x4  
  99  18:23  Archon  
  59  18:44  Disruptor  
  59  18:46  Zealot  
  59  18:47  Zealot x4  
  64  18:52  Zealot x2  
  68  19:28  Stalker x2  
  68  19:29  Stalker, Zealot x2  
  53  19:38  Stalker  
  53  19:39  Stalker  
Show
View Real Time Build Order
Export as new Build Order

Serral Zerg - Winner!

Build Orders: Hatch First 

Get SALT Encoding   

  12  0:00  Drone  
  13  0:11  Drone  
  14  0:33  Hatchery  
  13  0:37  Drone  
  14  0:44  Overlord  
  14  0:50  Extractor  
  14  0:51  Drone  
  15  1:03  Drone x2  
  17  1:13  Spawning Pool  
  17  1:17  Drone  
  17  1:19  Extractor  
  17  1:22  Drone  
  17  1:31  Drone  
  18  1:41  Drone  
  19  1:48  Drone  
  19  1:54  Drone  
  21  2:00  Zergling x2, Queen x2  
  26  2:06  Overlord  
  26  2:09  Drone  
  26  2:14  Drone  
  28  2:24  Metabolic Boost  
  28  2:26  Drone x2  
  30  2:40  Hatchery  
  29  2:44  Drone  
  29  2:45  Drone  
  29  2:51  Queen  
  30  2:55  Overlord  
  30  2:58  Zergling x2  
  33  3:00  Zergling x2  
  33  3:03  Zergling x2  
  35  3:14  Zergling x4  
  35  3:15  Drone x2  
  35  3:16  Overlord  
  39  3:20  Drone x2  
  39  3:30  Drone x3  
  41  3:35  Spore Crawler  
  41  3:39  Drone  
  41  3:46  Queen  
  41  3:47  Drone  
  44  3:48  Drone  
  44  3:52  Drone  
  46  3:56  Queen  
  48  4:06  Roach Warren, Drone  
  48  4:07  Extractor  
  48  4:08  Drone  
  47  4:12  Drone, Spore Crawler  
  47  4:16  Drone x2  
  49  4:22  Drone x2  
  50  4:25  Overlord  
  50  4:27  Drone  
  50  4:28  Drone  
  52  4:32  Overlord  
  52  4:40  Overlord  
  52  4:46  Roach x4  
  62  4:53  Roach x2  
  62  4:58  Overlord  
  64  5:00  Roach x2  
  64  5:03  Zergling x4  
  70  5:08  Zergling x6  
  70  5:12  Ravager  
  70  5:13  Ravager  
  75  5:15  Overlord  
  75  5:19  Zergling x8  
  79  5:24  Zergling x2  
  79  5:28  Overlord  
  80  5:30  Zergling x8  
  80  5:33  Ravager x2  
  86  5:39  Zergling x8  
  90  5:46  Queen  
  90  5:48  Zergling x4  
  90  5:49  Zergling x2  
  95  5:52  Ravager  
  95  5:54  Overlord  
  96  5:57  Zergling x6  
  96  6:02  Ravager  
  100  6:06  Zergling x6  
  102  6:16  Zergling x2  
  102  6:17  Zergling x4  
  105  6:24  Zergling x6  
  100  6:25  Ravager  
  100  6:32  Queen x2  
  84  6:33  Queen  
  83  6:41  Zergling x6  
  78  6:47  Zergling x6  
  79  6:58  Zergling x6  
  80  7:10  Roach x3  
  80  7:13  Lair  
  86  7:18  Drone  
  86  7:19  Drone x2  
  86  7:22  Extractor  
  85  7:24  Evolution Chamber  
  85  7:28  Drone  
  85  7:29  Drone x2  
  87  7:30  Ravager  
  87  7:31  Ravager x2  
  90  7:37  Drone x3  
  90  7:39  Drone x2  
  90  7:43  Drone x6  
  101  7:51  Drone  
  101  7:57  Drone  
  101  7:58  Drone  
  103  7:59  Drone x3  
  103  8:04  Drone x2  
  100  8:13  Zerg Melee Weapons Level 1  
  100  8:14  Roach  
  100  8:15  Roach x4  
  110  8:22  Extractor  
  110  8:23  Overseer  
  109  8:28  Extractor x2  
  109  8:29  Zergling x4  
  109  8:30  Zergling x8  
  113  8:35  Drone, Spore Crawler  
  113  8:40  Glial Reconstitution  
  113  8:44  Drone  
  113  8:46  Overlord  
  113  8:47  Overlord  
  114  8:50  Overlord  
  114  8:52  Overlord, Drone  
  114  8:54  Overlord  
  110  8:57  Overlord  
  109  9:02  Overlord  
  109  9:06  Roach  
  109  9:07  Roach x6  
  122  9:13  Baneling Nest  
  120  9:18  Roach x5  
  129  9:27  Roach x4  
  137  9:32  Ravager x2  
  137  9:35  Roach x2  
  137  9:37  Evolution Chamber  
  142  9:43  Roach x3  
  147  9:48  Roach  
  147  9:49  Roach x2  
  152  9:52  Ravager  
  152  9:58  Zergling x12  
  146  10:09  Baneling Nest  
  146  10:10  Roach, Zerg Missile Weapons Level 1  
  146  10:11  Zergling x2, Roach  
  150  10:18  Zergling x10  
  153  10:29  Roach  
  153  10:30  Roach x3  
  153  10:31  Ravager  
  153  10:32  Ravager x3  
  165  10:41  Drone x5  
  170  10:52  Centrifical Hooks  
  170  10:54  Overlord x3  
  169  10:58  Overlord  
  169  11:02  Overlord  
  164  11:06  Extractor  
  163  11:14  Drone x2  
  163  11:15  Drone x2, Evolution Chamber  
  163  11:22  Drone x2  
  163  11:24  Zergling x14  
  163  11:25  Zergling x2  
  172  11:39  Overlord  
  172  11:49  Zergling x18  
  181  11:56  Zerg Melee Weapons Level 2  
  181  11:58  Zergling x2, Hatchery  
  181  12:01  Overseer  
  181  12:05  Overlord  
  181  12:06  Overlord  
  179  12:13  Drone x3  
  179  12:14  Hydralisk Den  
  179  12:15  Baneling x3  
  181  12:20  Zerg Missile Weapons Level 2  
  181  12:23  Drone  
  181  12:24  Drone  
  181  12:27  Drone x2  
  184  12:31  Drone  
  184  12:32  Drone x2  
  183  12:37  Drone  
  183  12:38  Drone x2  
  183  12:44  Baneling x11  
  187  12:49  Drone x3  
  190  12:52  Unknown  
  190  12:54  Drone x2  
  190  12:58  Zergling x6  
  194  13:03  Drone  
  194  13:04  Drone x2  
  196  13:09  Zergling x10  
  195  13:20  Hatchery  
  195  13:24  Drone x2  
  195  13:25  Infestation Pit  
  195  13:26  Drone x2  
  196  13:33  Baneling x4  
  196  13:34  Baneling x4  
  195  13:39  Zergling x6  
  195  13:40  Zergling x2  
  199  13:49  Baneling x13  
  199  13:55  Baneling x13  
  199  13:57  Zergling x2  
  193  14:15  Zergling x12  
  193  14:16  Zergling x20  
  199  14:20  Baneling  
  199  14:21  Baneling x7  
  199  14:24  Hive  
  175  14:41  Zergling x2  
  175  14:42  Zergling x36  
  175  14:45  Zergling x8  
  177  14:50  Zergling x2  
  177  14:51  Zergling x6  
  174  14:57  Ravager  
  174  14:58  Ravager  
  174  14:59  Baneling  
  176  15:00  Baneling x28  
  176  15:08  Zergling x14  
  183  15:21  Drone  
  183  15:22  Drone x10, Spore Crawler  
  193  15:30  Zergling x14  
  193  15:34  Baneling  
  193  15:35  Baneling x6  
  200  15:38  Adrenal Glands  
  200  15:47  Zerg Melee Weapons Level 3, Zerg Ground Armor Level 1  
  175  16:04  Zergling x44  
  175  16:05  Zergling x2  
  196  16:11  Baneling x14  
  196  16:16  Ravager  
  195  16:21  Queen  
  195  16:22  Queen  
  198  16:30  Baneling x4  
  198  16:31  Baneling x3  
  198  16:33  Zergling x4  
  198  16:34  Baneling x4  
  200  16:44  Hatchery  
  200  16:46  Spire  
  196  16:49  Spore Crawler  
  196  16:50  Drone x3  
  192  17:04  Zergling x14  
  192  17:17  Zergling x14  
  199  17:36  Baneling x12  
  199  17:39  Overlord  
  199  17:42  Drone  
  200  17:48  Zergling x44, Roach x2  
  200  17:49  Zergling x8  
  180  17:58  Zergling x10, Roach  
  178  18:08  Zergling x20  
  177  18:14  Zergling x6  
  177  18:15  Baneling  
  177  18:16  Baneling x17  
  177  18:17  Ravager x2  
  159  18:28  Zergling x18  
  144  18:36  Zergling x2  
  144  18:37  Zergling x22  
  140  18:43  Mutalisk  
  131  18:49  Mutalisk x6  
  139  18:56  Mutalisk x6  
  139  19:01  Baneling x6  
  151  19:04  Ravager x4  
  151  19:05  Baneling x13  
  155  19:15  Roach x4  
  155  19:16  Roach  
  165  19:24  Zergling x14  
  167  19:31  Zergling x12  
  167  19:37  Ravager x4  
  176  19:42  Zergling x16  
Tags
 
Add a new tag
Caveats
  • Supply blocks, unpowered buildings, or Contaminate may cause inaccurate times.
  • Supply counts are checked every 10 seconds.